 Dungeon Crawl Stone Soup version 0.31-a0-981-geadf994542 (webtiles) character file.

Game seed: 510649635749285938

89 MisterAzrael the Chopper (level 4, 0/39 HPs)
             Began as a Hill Orc Fighter on Nov 2, 2023.
             Slain by a cerulean imp
             ... wielding a +0 spear
             ... summoned by Natasha
              (4 damage)
             ... on level 2 of the Dungeon.
             The game lasted 00:02:42 (1225 turns).

MisterAzrael the Chopper (Hill Orc Fighter)         Turns: 1225, Time: 00:02:42

Health: 0/39       AC: 12    Str: 20    XL:     4   Next: 55%
Magic:  4/4        EV:  5    Int:  8    God:
Gold:   82         SH:  4    Dex: 10    Spells: 3/3 levels left

rFire   . . .        a - +0 war axe
rCold   . . .        c - +0 buckler
rNeg    . . .        g - +0 plate armour
rPois   .            (no helmet)
rElec   .            (no cloak)
rCorr   .            (no gloves)
SInv    .            n - +0 pair of boots
Will    .....        (no amulet) Stlth
                     (no ring)
HPRegen 0.26/turn    (no ring)
MPRegen 0.09/turn

%: no passive effects
@: no status effects
A: no striking features
a: no special abilities


You were on level 2 of the Dungeon.
You visited 1 branch of the dungeon, and saw 2 of its levels.

You collected 82 gold pieces.

Inventory:

Hand Weapons
 a - a +0 war axe (weapon)
Missiles
 o - 4 atropa-tipped darts
Armour
 b - a +0 scale mail
 c - a +0 buckler (worn)
 g - a +0 plate armour (worn)
 n - a +0 pair of boots (worn)
Jewellery
 k - a ring of wizardry
Scrolls
 d - a scroll of enchant armour {unknown}
 f - a scroll of poison {unknown}
 h - a scroll of vulnerability {unknown}
 i - 2 scrolls of teleportation {unknown}
 l - a scroll of identify {unknown}
Potions
 e - a potion of curing
 j - 2 potions of lignification {unknown}
 m - a potion of brilliance {unknown}


   Skills:
 - Level 3.6 Fighting
 + Level 6.2 Axes
 - Level 3.2 Armour
 - Level 3.2 Shields


You had 3 spell levels left.
You didn't know any spells.
Your spell library contained the following spells:

 Spells                   Type           Power      Damage    Failure   Level
 Frozen Ramparts          Ice            0%         1d1       100%        3
 Tukima's Dance           Hex            0%         N/A       100%        3
 Passage of Golubria      Tloc           0%         N/A       100%        4
 Petrify                  Tmut/Erth      0%         N/A       100%        4
 Metabolic Englaciation   Hex/Ice        0%         N/A       100%        5
 Yara's Violent Unravell  Hex/Tmut       0%         3d3       100%        5


Dungeon Overview and Level Annotations

Branches:
Dungeon (2/15)

Altars:

Annotations:
D:2 Natasha


Message History

The cerulean imp hits you but does no damage.
Natasha claws you! You block the cerulean imp's attack.
The cerulean imp hits you but does no damage. x2
Natasha barely misses you.
You closely miss Natasha.
Natasha is moderately wounded.
You barely miss the cerulean imp. The cerulean imp barely misses you. x3
Natasha barely misses you.
The cerulean imp hits you but does no damage. x3
You miss Natasha.
Natasha is moderately wounded.
You hit the cerulean imp but do no damage.
Natasha closely misses you.
The cerulean imp hits you but does no damage. x2
The cerulean imp closely misses you. Natasha claws you.
The cerulean imp hits you from afar with a +1 spear.
The cerulean imp hits you from afar with a +0 spear.
* * * LOW HITPOINT WARNING * * *
You block the cerulean imp's attack.
You slash Natasha!
Natasha is almost dead.
You hit the cerulean imp.
The cerulean imp disappears in a puff of smoke!
Natasha barely misses you.
The cerulean imp hits you but does no damage.
The cerulean imp hits you from afar with a +0 spear.
* * * LOW HITPOINT WARNING * * *
Natasha claws you but does no damage. The cerulean imp completely misses you.
The cerulean imp hits you but does no damage.
You closely miss Natasha.
Natasha is almost dead.
You feel yourself speed up.
Natasha stares at you and mumbles some strange words.
The magic dart hits you.
* * * LOW HITPOINT WARNING * * *
The cerulean imp hits you but does no damage. x2
Natasha casts a spell.
The cerulean imp hits you but does no damage.
The cerulean imp hits you from afar with a +0 spear.
You die...

####### #.....#
#.....# #..55.#
#...h§# ###
#...@.# ...
#######.5...# ##
..!.........###.#
.........†......#
.............####
............##
........#...#
........#.### ###
########..# #..


You could see Natasha and 3 cerulean imps.

Vanquished Creatures
  Terence (D:2)
  2 adders (D:2)
  A gnoll (D:1)
  2 dart slugs
  3 bats
  3 endoplasms (D:1)
  2 giant cockroaches (D:1)
  A goblin (D:1)
  3 hobgoblins
  3 jackals (D:2)
  5 ball pythons
  A kobold (D:1)
  8 rats (D:1)
35 creatures vanquished.

Notes
Turn   | Place    | Note
-------+----------+-------------------------------------------
     0 | D:1      | MisterAzrael the Hill Orc Fighter began the quest for the
                  | Orb.
     0 | D:1      | Reached XP level 1. HP: 19/19 MP: 1/1
    97 | D:1      | Reached skill level 3 in Axes
   304 | D:1      | Reached XP level 2. HP: 26/26 MP: 2/2
   423 | D:1      | Reached skill level 4 in Axes
   427 | D:1      | Reached XP level 3. HP: 21/31 MP: 3/3
  1051 | D:2      | Reached skill level 5 in Axes
  1099 | D:2      | Found a faded altar of an unknown god.
  1118 | D:2      | Reached XP level 4. HP: 32/39 MP: 4/4
  1144 | D:2      | Noticed Terence
  1154 | D:2      | Killed Terence
  1155 | D:2      | Reached skill level 6 in Axes
  1215 | D:2      | Noticed Natasha
  1225 | D:2      | Slain by a cerulean imp

Illustrated notes

Levels and vault maps discovered:
D:1:      dpeg_arrival_ratfight, layout_basic
D:2:      layout_basic, shapermc_ecumenical_altar_starsandcircs,
          uniq_crazy_yiuf_cottage, uniq_natasha, uniq_terence

Skill      XL: |  1  2  3  4 |
---------------+-------------+-----
Axes           | 3 4 5 6 |  6.2
Fighting       | |  3.6
Armour         | |  3.2
Shields        | |  3.2

Action                     |  1- 3 |  4- 6 || total
---------------------------+-------+-------++-------
  Melee: War axe           |    77 |    17 ||    94
    Use: Potion            |     1 |     1 ||     2
 Armour: Plate armour      |    59 |    44 ||   103
         Scale mail        |     4 |       ||     4
  Dodge: Dodged            |    13 |    15 ||    28
  Block: Buckler           |    21 |     4 ||    25

Table legend: (Time is in decaauts)
 A = Elapsed time spent in this place.
 B = Non-inter-level travel time spent in this place.
 C = Inter-level travel time spent in this place.
 D = Time resting spent in this place.
 E = Time spent auto-exploring this place.
 F = Levels seen in this place.
 G = Mean time per level.
                   A        B        C        D        E       F      G
               +--------+--------+--------+--------+--------+-----+--------+
         Total |   1259 |   1224 |     35 |     29 |    879 |   2 |  629.5 |
       Dungeon |   1259 |   1224 |     35 |     29 |    879 |   2 |  629.5 |
               +--------+--------+--------+--------+--------+-----+--------+

Top non-repeatable levels by time:
     D:1: 985 daAuts
     D:2: 273 daAuts
